 Dungeon Crawl Stone Soup version 0.28-a0-529-g3bad584f25 (webtiles) character file.

Game seed: 14673162476026323864

58 pokedragonboy the Shield-Bearer (level 4, 14/29 HPs)
             Began as a Gargoyle Fighter on Sept 25, 2021.
             Quit the game on level 2 of the Dungeon.
             The game lasted 00:01:24 (1003 turns).

pokedragonboy the Shield-Bearer (Gargoyle Fighter)  Turns: 1003, Time: 00:01:25

Health: 14/29      AC: 10    Str: 21    XL:     4   Next: 2%
Magic:  4/4        EV:  9    Int:  8    God:
Gold:   31         SH:  4    Dex:  9    Spells: 3/3 levels left

rFire   . . .      SeeInvis .   a - +0 flail
rCold   . . .      Faith    .   c - +0 buckler
rNeg    + . .      Spirit   .   b - +0 scale mail
rPois   ∞          Reflect  .   (no helmet)
rElec   +          Harm     .   (no cloak)
rCorr   .          Rampage  .   (no gloves)
Will    .....                   (no boots)
Stlth   ..........              (no amulet)
HPRegen 0.09/turn               (no ring)
MPRegen 0.09/turn               (no ring)

@: no status effects
A: sickness immunity, AC +3, negative energy resistance 1, electricity
resistance, torment resistance 1, petrification resistance
a: no special abilities


You were on level 2 of the Dungeon.
You visited 1 branch of the dungeon, and saw 2 of its levels.

You collected 31 gold pieces.

Inventory:

Hand Weapons
 a - a +0 flail (weapon)
 f - a +1 dagger of electrocution
 l - a +0 flail of protection
Armour
 b - a +0 scale mail (worn)
 c - a +0 buckler (worn)
 m - a +0 chain mail
Scrolls
 h - a scroll of blinking {unknown}
 j - a scroll of immolation {unknown}
 k - a scroll of noise {unknown}
Potions
 d - 2 potions of might
 e - a potion of ambrosia {unknown}
 g - 4 potions of curing {unknown}
 i - 3 potions of heal wounds {unknown}


   Skills:
 + Level 3.7 Fighting
 * Level 3.0 Maces & Flails
 + Level 3.7 Armour
 + Level 3.7 Shields


You had 3 spell levels left.
You didn't know any spells.
Your spell library contained the following spells:

 Spells                   Type           Power      Damage    Failure   Level
 Corpse Rot               Necr/Air       N/A        N/A       87%         2
 Poisonous Vapours        Pois/Air       0%         N/A       87%         2


Dungeon Overview and Level Annotations

Branches:
Dungeon (2/15)

Altars:
Ru


Innate Abilities, Weirdness & Mutations

You are immune to sickness and miasma.
Your stone body is resilient. (AC +3)
You are immune to poison.
You resist negative energy. (rN+)
You are resistant to electric shocks. (rElec)
You are resistant to unholy torment.
You are immune to petrification.


Message History

You are too injured to fight recklessly!
You are too injured to fight recklessly!
You are too injured to fight recklessly!
You are too injured to fight recklessly!
You are too injured to fight recklessly!
You are too injured to fight recklessly!
You are too injured to fight recklessly!
You are too injured to fight recklessly!
You are too injured to fight recklessly!
You are too injured to fight recklessly!
You are too injured to fight recklessly!
You are too injured to fight recklessly!
You are too injured to fight recklessly!
You barely miss Terence.
Terence is almost dead.
You block Terence's attack.
You closely miss Terence.
Terence is almost dead.
Terence closely misses you. Terence hits you but does no damage.
You hit Terence but do no damage.
Terence is severely wounded.
Terence closely misses you.
Your scale mail prevents you from hitting Terence.
Terence is severely wounded.
Terence hits you but does no damage.
You hit Terence.
Terence is almost dead.
Terence barely misses you.
You hit Terence.
You kill Terence!
Your Maces & Flails skill increases to level 3!
You have reached level 4!
You feel stronger.
Things that are here:
a +0 flail of protection; a +0 chain mail; the human corpse of Terence
l - a +0 flail of protection;
m - a +0 chain mail Saving game... please wait.
Welcome back, pokedragonboy the Gargoyle Fighter.
Press ? for a list of commands and other information.
Are you sure you want to abandon this character and quit the game? (Confirm with "yes".)

### ... #.# ##.#
#.@# ##.# #.#####.#
#.......# ##.######
##†## ###..####.
##...## #..... ...
##.....## #.#..###..
#.......###.#...##..


There were no monsters in sight!

Vanquished Creatures
  Terence (D:2)
  A gnoll (D:1)
  A dart slug (D:1)
  2 giant cockroaches (D:1)
  3 goblins (D:1)
  2 hobgoblins (D:1)
  2 quokkas
  4 ball pythons (D:1)
  2 frilled lizards (D:1)
  2 kobolds (D:1)
  A rat (D:1)
21 creatures vanquished.

Vanquished Creatures (others)
  4 toadstools (D:1)
4 creatures vanquished.

Grand Total: 25 creatures vanquished

Notes
Turn   | Place    | Note
-------+----------+-------------------------------------------
     0 | D:1      | pokedragonboy the Gargoyle Fighter began the quest for the
                  | Orb.
     0 | D:1      | Reached XP level 1. HP: 14/14 MP: 1/1
   218 | D:1      | Reached XP level 2. HP: 19/19 MP: 2/2
   480 | D:1      | Reached XP level 3. HP: 20/23 MP: 3/3
   947 | D:2      | Found a sacrificial altar of Ru.
   982 | D:2      | Noticed Terence
  1000 | D:2      | Killed Terence
  1001 | D:2      | Reached XP level 4. HP: 13/29 MP: 4/4
  1003 | D:2      | Quit the game

Illustrated notes

Levels and vault maps discovered:
D:1:      ldierk_water_garden, layout_loops_ring
D:2:      layout_loops_corners, basic_altar, ebering_ecumenical_altar_webs,
          serial_shops, shop, chequers_decorated_corner, uniq_terence

Skill      XL: |  1  2  3 |
---------------+----------+-----
Maces & Flails | 3 |  3.0
Fighting       | |  3.7
Armour         | |  3.7
Shields        | |  3.7

Action                   |  1- 3 |  4- 6 || total
-------------------------+-------+-------++-------
Melee: Flail             |    84 |       ||    84
Armor: Scale mail        |    35 |       ||    35
Dodge: Dodged            |    28 |       ||    28
Block: Buckler           |    26 |       ||    26

Table legend: (Time is in decaauts)
 A = Elapsed time spent in this place.
 B = Non-inter-level travel time spent in this place.
 C = Inter-level travel time spent in this place.
 D = Time resting spent in this place.
 E = Time spent auto-exploring this place.
 F = Levels seen in this place.
 G = Mean time per level.
                   A        B        C        D        E       F      G
               +--------+--------+--------+--------+--------+-----+--------+
         Total |   1029 |    990 |     39 |      0 |    806 |   2 |  514.5 |
       Dungeon |   1029 |    990 |     39 |      0 |    806 |   2 |  514.5 |
               +--------+--------+--------+--------+--------+-----+--------+

Top non-repeatable levels by time:
     D:1: 935 daAuts
     D:2: 93 daAuts
